 Dungeon Crawl Stone Soup version 0.31-a0-1009-g454b1f1e0a (webtiles) character file.

Game seed: 16699982740941249156

9 Azuregosa the Sneak (level 2, -12/21 HPs)
             Began as an Octopode Delver on Nov 16, 2023.
             Mangled by an iguana (14 damage)
             ... on level 5 of the Dungeon.
             The game lasted 00:00:33 (37 turns).

Azuregosa the Sneak (Octopode Delver)                 Turns: 37, Time: 00:00:34

Health: -12/21     AC:  1    Str: 11    XL:     2   Next: 12%
Magic:  2/2        EV: 13    Int: 12    God:
Gold:   0          SH:  0    Dex: 13    Spells: 1/1 levels left

rFire   . .          .
                       - Unarmed
rCold   . . .        (no shield)
rNeg    . . .        (helmet restricted)
rPois   .            (no amulet)
rElec   .            (no ring)
rCorr   .            (no ring)
SInv    .            (no ring)
Will    .....        (no ring)
Stlth   ++++         (no ring)
HPRegen 0.23/turn    (no ring)
MPRegen 0.08/turn    (no ring)
                     (no ring)

%: no passive effects
@: no status effects
A: almost no armour, amphibious, 8 rings, camouflage 1, gelatinous body 1,
(nimble swimmer 1), tentacles
a: no special abilities


You were on level 5 of the Dungeon.
You visited 1 branch of the dungeon, and saw 1 of its levels.

Inventory:

Wands
 e - a wand of digging (3)
Scrolls
 a - a scroll of fog
 b - a scroll of identify {unknown}
 c - a scroll of fear
Potions
 d - a potion of haste


   Skills:
 - Level 3.0 Fighting
 - Level 2.0 Dodging
 + Level 7.2 Stealth
 - Level 2.0 Unarmed Combat


You had one spell level left.
You didn't know any spells.
Your spell library was empty.

Dungeon Overview and Level Annotations

Branches:
Dungeon (5/15)
 Temple: D:4-7

Altars:


Innate Abilities, Weirdness & Mutations

You cannot wear most types of armour.
You are amphibious.
You can wear up to eight rings at the same time.
Your skin changes colour to match your surroundings (Stealth+).
Your rubbery body absorbs attacks. (AC +1, EV +1)
((You are camouflaged when in or above water. (Stealth+)))
You have tentacles for arms and can constrict up to eight enemies at once.


Message History

You feel aware of your surroundings.
You sensed 1 altar.
Found a spiked ring mail and a scroll labelled XEFFABBE ILIQYTAC.
An adder comes into view.
The adder hisses angrily.
The adder moves out of view.
You tentacle-slap the adder. Your grab misses the adder. You squeeze the adder.
You kill the adder!
Your Stealth skill increases to level 7!
You have reached level 2!
You see here the +1 ring mail of Activism {Contam Harm Str+7 Int-4}.
Found a hand axe.
b - a scroll labelled XEFFABBE ILIQYTAC An iguana comes into view.
The helpless iguana fails to defend itself.
You tentacle-slap the iguana but do no damage.
Your grab misses the iguana. You tentacle-slap the iguana.
Your grab misses the iguana.
The iguana is lightly wounded.
The iguana bites you.
You tentacle-slap the iguana. You grab the iguana.
You squeeze the iguana, but do no damage.
The iguana is lightly wounded.
You constrict the iguana. The iguana bites you!
Ouch! That really hurt!
* * * LOW HITPOINT WARNING * * *
You tentacle-slap the iguana but do no damage.
The iguana is moderately wounded.
You constrict the iguana, but do no damage.
The iguana misses you.
You tentacle-slap the iguana.
The iguana is heavily wounded.
You constrict the iguana, but do no damage.
The iguana closely misses you.
You tentacle-slap the iguana but do no damage.
You squeeze the iguana.
The iguana is severely wounded.
You constrict the iguana, but do no damage.
The iguana bites you!
Ouch! That really hurt!
You die...

#.>...##.##,****,**,,,*****,,,,,,
##...###.##,,,,,,**,,.# *,<,,,,
########.##********,,.# *,,,,,,
########.#### *,..# *,**,,,
########.[..# *...# *,***,,
............#######...#****,,,,,,
....#..#.##.#.........,,,,,,***,,
.......#..).......######*********
....##.#.#......@.......*,,,,,,,*
....##.#.#...####l#####.*,*****,*
###.........## *.#,,,*,*,*,,,*,*
########.## *.#,*,,,*,*,*,,,* ***
#.# *.#,*****,*,***** ,,******
#.#*** *.#,,,,,,,*,,,,,, *,,,,,,*
#.#,,***.#**************
,,,,,,,**#..,,*,,..,,*****,,,,,,*
*,,,,,,,,,,,_,***,,,,,,,**,****,,


You could see an iguana.

Vanquished Creatures
  An adder (D:5)
1 creature vanquished.

Notes
Turn   | Place    | Note
-------+----------+-------------------------------------------
     0 | D:5      | Azuregosa the Octopode Delver began the quest for the Orb.
     0 | D:5      | Reached XP level 1. HP: 16/16 MP: 1/1
    11 | D:5      | Reached skill level 7 in Stealth
    11 | D:5      | Reached XP level 2. HP: 21/21 MP: 2/2
    11 | D:5      | Identified the +1 ring mail of Activism {Contam Harm Str+7
                  | Int-4}
    37 | D:5      | Mangled by an iguana

Illustrated notes

Levels and vault maps discovered:
D:5:      layout_loops_cross, mainiacjoe_overflow_alcove_1, patterned_corridor

Skill      XL: |  1 |
---------------+----+-----
Stealth        | 7 |  7.2
Fighting       | |  3.0
Dodging        | |  2.0
Unarmed Combat | |  2.0

Action                     || total
---------------------------++-------
  Melee: Unarmed           ||     7
         Tentacles         ||     3
         Constrict         ||     1
    Use: Scroll            ||     1
   Stab: Sleeping          ||     1
 Armour: Skin              ||     3
  Dodge: Dodged            ||     2

Table legend: (Time is in decaauts)
 A = Elapsed time spent in this place.
 B = Non-inter-level travel time spent in this place.
 C = Inter-level travel time spent in this place.
 D = Time resting spent in this place.
 E = Time spent auto-exploring this place.
 F = Levels seen in this place.
 G = Mean time per level.
                   A        B        C        D        E       F      G
               +--------+--------+--------+--------+--------+-----+--------+
         Total |     36 |     36 |      0 |      0 |     13 |   1 |   36.0 |
       Dungeon |     36 |     36 |      0 |      0 |     13 |   1 |   36.0 |
               +--------+--------+--------+--------+--------+-----+--------+

Top non-repeatable levels by time:
     D:5: 36 daAuts
